Map: [ESL] Hard Lead

Players

trigger

  • Race: Protoss Protoss
  • League: Grandmaster
  • Spawn Location: 11:00

Scarlett - Winner!

  • Race: Zerg Zerg
  • Spawn Location: 5:00

Event: HomeStory Cup XXIV

VOD

Have the link to the VOD?

Description

Time

  • Played on: Dec. 2, 2023, 4:39 p.m.
  • Length: 13:31

All games in this series

Show
View Real Time Build Order
Export as new Build Order

trigger Protoss 

Build Orders: 1 Gate Expand, Oracle Opening 

Get SALT Encoding   

  12  0:00  Probe  
  13  0:12  Probe  
  14  0:20  Pylon  
  14  0:24  Probe  
  15  0:38  Probe (Chrono Boost)  
  15  0:41  Gateway  
  16  0:47  Probe (Chrono Boost)  
  17  0:50  Assimilator  
  17  0:53  Probe  
  18  1:05  Probe  
  19  1:17  Probe  
  20  1:25  Nexus  
  20  1:36  Cybernetics Core  
  20  1:40  Probe  
  20  1:46  Assimilator  
  21  1:52  Probe  
  22  1:54  Pylon  
  22  2:03  Probe  
  23  2:10  Adept (Chrono Boost)  
  23  2:11  Probe  
  25  2:20  Probe  
  25  2:22  Stargate  
  27  2:31  Probe  
  27  2:32  Adept  
  30  2:37  Probe  
  30  2:40  Warp Gate  
  32  2:47  Probe (Chrono Boost)  
  32  2:49  Probe (Chrono Boost)  
  35  2:58  Probe (Chrono Boost)  
  35  3:00  Probe (Chrono Boost)  
  35  3:02  Adept  
  35  3:04  Oracle (Chrono Boost)  
  37  3:08  Probe  
  37  3:09  Probe  
  42  3:15  Pylon  
  42  3:19  Gateway  
  42  3:20  Probe  
  42  3:24  Probe  
  44  3:32  Probe  
  45  3:35  Oracle (Chrono Boost)  
  49  3:44  Probe  
  49  3:47  Nexus  
  49  3:48  Probe  
  50  3:56  Probe  
  50  3:59  Pylon  
  50  4:01  Probe  
  52  4:07  Assimilator  
  52  4:09  Twilight Council  
  52  4:13  Pylon  
  52  4:15  Assimilator, Probe  
  53  4:17  Probe  
  53  4:22  Gateway  
  54  4:25  Gateway  
  54  4:30  Probe  
  55  4:33  Probe  
  55  4:37  Blink (Chrono Boost)  
  56  4:42  Probe  
  56  4:45  Probe  
  58  4:48  Stalker x2  
  62  4:55  Gateway  
  62  4:56  Gateway  
  62  5:00  Probe  
  62  5:03  Probe  
  62  5:04  Probe  
  62  5:05  Shield Battery  
  65  5:12  Probe, Stalker x2  
  70  5:15  Pylon  
  70  5:18  Probe x2  
  72  5:24  Stalker  
  72  5:25  Stalker  
  76  5:29  Probe  
  76  5:31  Pylon  
  76  5:33  Probe x2  
  79  5:42  Probe  
  80  5:43  Stalker x2  
  80  5:45  Probe  
  80  5:48  Stalker x2  
  89  5:51  Probe  
  89  5:53  Assimilator  
  89  5:54  Probe  
  89  5:56  Stalker  
  93  5:57  Stalker  
  93  6:01  Probe  
  96  6:06  Probe x2  
  96  6:08  Robotics Facility  
  98  6:13  Probe, Stalker  
  99  6:19  Probe  
  99  6:20  Stalker  
  99  6:23  Pylon  
  99  6:24  Assimilator  
  100  6:26  Probe  
  101  6:34  Pylon  
  101  6:37  Pylon  
  101  6:38  Probe  
  88  6:47  Stalker x5  
  88  6:52  Stalker  
  98  6:56  Robotics Bay  
  98  7:00  Robotics Facility  
  94  7:03  Observer  
  95  7:10  Stalker x4  
  95  7:15  Stalker  
  105  7:17  Nexus  
  105  7:19  Pylon  
  105  7:21  Pylon  
  105  7:30  Warp Prism (Chrono Boost)  
  107  7:37  Forge  
  105  7:44  Shield Battery  
  105  7:47  Colossus (Chrono Boost)  
  111  7:52  Extended Thermal Lance  
  111  7:53  Stalker x5  
  111  7:56  Pylon  
  121  8:06  Pylon  
  121  8:07  Pylon  
  127  8:16  Colossus (Chrono Boost)  
  127  8:17  Photon Cannon  
  127  8:21  Probe x2  
  129  8:27  Colossus (Chrono Boost)  
  135  8:38  Stalker x5  
  135  8:41  Zealot  
  147  8:45  Gateway  
  147  8:47  Gateway  
  147  8:50  Photon Cannon  
  145  9:03  Colossus (Chrono Boost)  
  145  9:04  Pylon  
  145  9:05  Pylon  
  151  9:15  Pylon  
  151  9:17  Zealot x6  
  151  9:22  Gateway  
  163  9:27  Probe x3  
  163  9:28  Probe  
  152  9:39  Zealot x4, Probe  
  152  9:45  Zealot x2  
  154  9:53  Probe x2  
  152  10:02  Zealot x3  
  152  10:03  Zealot  
  160  10:09  Zealot  
  160  10:10  Zealot  
  160  10:12  Zealot x2  
  145  10:24  Stalker x3  
  143  10:30  Stalker x2  
  122  10:49  Stalker x5  
  111  11:10  Stalker x4  
  119  11:12  Stalker x2  
  121  11:21  Stalker x2  
  121  11:25  Stalker  
  125  11:34  Probe  
  125  11:37  Stalker x3  
  134  11:42  Stalker x2  
  136  11:52  Stalker x4  
  138  12:07  Stalker x4  
  146  12:10  Stalker  
  148  12:18  Pylon  
  148  12:19  Pylon  
  148  12:20  Pylon  
  148  12:29  Zealot x3  
  145  12:30  Zealot  
  98  13:04  Zealot x4  
Show
View Real Time Build Order
Export as new Build Order

Scarlett Zerg - Winner!

Build Orders: Hatch First 

Get SALT Encoding   

  12  0:00  Drone  
  13  0:12  Overlord  
  13  0:16  Drone  
  14  0:30  Drone x2  
  16  0:43  Drone  
  17  0:50  Hatchery  
  17  0:53  Drone  
  17  0:58  Drone  
  18  1:07  Extractor  
  17  1:12  Spawning Pool  
  17  1:15  Drone  
  17  1:19  Drone  
  18  1:27  Drone  
  19  1:38  Drone  
  20  1:49  Overlord  
  20  1:59  Queen  
  22  2:02  Zergling x2, Drone, Queen  
  26  2:11  Zergling x2  
  26  2:12  Metabolic Boost  
  26  2:14  Drone  
  29  2:22  Drone  
  29  2:24  Drone  
  30  2:36  Drone  
  31  2:38  Drone  
  31  2:40  Hatchery  
  31  2:46  Queen  
  31  2:50  Overlord  
  31  2:59  Drone x3  
  34  3:08  Queen  
  34  3:10  Drone, Overlord  
  34  3:12  Drone  
  38  3:14  Drone  
  38  3:18  Zergling x2  
  41  3:20  Zergling x2  
  41  3:23  Queen  
  43  3:37  Drone x4  
  43  3:39  Drone x3  
  50  3:47  Queen  
  52  3:48  Overlord  
  50  3:57  Drone x4  
  50  4:00  Spore Crawler  
  53  4:04  Drone  
  53  4:05  Evolution Chamber  
  53  4:08  Drone x3  
  56  4:20  Zergling x6  
  56  4:22  Drone x3, Spore Crawler  
  61  4:25  Drone  
  61  4:29  Overlord  
  60  4:32  Drone  
  60  4:37  Zerg Melee Weapons Level 1, Drone  
  60  4:38  Drone x3  
  64  4:44  Drone x2  
  66  4:46  Overlord  
  66  4:54  Overlord  
  66  4:57  Hatchery  
  66  4:58  Drone x3  
  68  5:02  Spore Crawler  
  68  5:03  Overlord  
  68  5:06  Drone x2  
  68  5:11  Drone x4  
  72  5:16  Drone x4  
  76  5:22  Hatchery  
  76  5:27  Lair  
  75  5:29  Extractor  
  75  5:30  Drone x3, Extractor  
  75  5:33  Zergling x4, Extractor  
  75  5:34  Zergling x2  
  78  5:36  Zergling x4  
  78  5:39  Zergling x2  
  78  5:40  Zergling x4  
  78  5:42  Zergling x6  
  85  5:46  Zergling x6  
  85  5:48  Zergling x2  
  85  5:49  Overlord  
  89  6:04  Zergling x2  
  90  6:05  Overlord  
  90  6:06  Overlord  
  90  6:08  Overlord  
  90  6:13  Zergling x22  
  90  6:16  Queen  
  90  6:17  Zergling x2  
  100  6:24  Zergling x8  
  102  6:30  Zergling x2, Infestation Pit  
  98  6:34  Zerg Melee Weapons Level 2  
  91  6:42  Zergling x2  
  91  6:43  Zergling x20  
  96  6:47  Drone x2  
  96  6:53  Drone x3  
  94  7:03  Drone x13  
  94  7:07  Extractor x2, Hive  
  94  7:08  Evolution Chamber  
  104  7:09  Drone x3  
  104  7:13  Drone  
  104  7:14  Drone  
  109  7:17  Zergling x8  
  109  7:19  Zergling x2  
  114  7:23  Zergling x2  
  114  7:28  Zergling x12  
  115  7:32  Zergling x14  
  115  7:34  Zergling x2  
  115  7:37  Zerg Ground Armor Level 1  
  123  7:38  Drone x4  
  123  7:42  Baneling Nest  
  126  7:44  Drone x2  
  126  7:52  Overlord x6  
  126  7:59  Zergling x6  
  126  8:00  Zergling x10  
  134  8:10  Hatchery  
  133  8:20  Overlord x3  
  133  8:21  Adrenal Glands  
  133  8:22  Zergling x14  
  133  8:23  Ultralisk Cavern  
  133  8:26  Centrifugal Hooks  
  139  8:32  Baneling  
  139  8:33  Baneling x5  
  139  8:42  Drone x2  
  139  8:44  Spine Crawler  
  139  8:47  Zergling x38  
  147  9:02  Baneling x12  
  139  9:05  Viper  
  142  9:10  Chitinous Plating  
  142  9:13  Ultralisk  
  142  9:15  Ultralisk  
  142  9:16  Ultralisk x2  
  166  9:23  Ultralisk  
  171  9:26  Zergling x16  
  175  9:35  Ultralisk  
  175  9:36  Zergling x6  
  181  9:44  Zergling x14  
  181  9:45  Zergling x16  
  191  9:51  Ultralisk  
  172  10:09  Ultralisk  
  172  10:10  Zergling x4  
  175  10:15  Zergling x28, Ultralisk  
  188  10:27  Drone x3  
  188  10:28  Drone x3  
  173  10:29  Anabolic Synthesis  
  173  10:32  Zergling x12  
  159  10:49  Zergling x16, Ultralisk  
  158  10:57  Extractor  
  158  10:59  Extractor  
  158  11:01  Drone x4  
  158  11:02  Drone x2  
  158  11:03  Infestor x2  
  162  11:13  Zergling x12  
  168  11:24  Zergling x8, Ultralisk  
  173  11:34  Zergling x6, Ultralisk, Hatchery  
  171  11:55  Drone x2  
  171  11:56  Extractor, Drone  
  171  11:57  Extractor, Drone x2  
  171  11:58  Drone x3  
  171  12:00  Hatchery  
  173  12:02  Baneling x2  
  173  12:03  Baneling x5  
  173  12:07  Ultralisk x2  
  173  12:08  Overlord x2  
  185  12:17  Zergling x2, Ultralisk  
  192  12:29  Zergling x10, Ultralisk  
  196  12:42  Infestor x2  
  198  12:47  Zergling x8  
  193  12:53  Zergling x2  
  193  12:54  Zergling x4  
  193  12:57  Baneling x2  
  190  13:01  Zergling x4  
  190  13:02  Zergling x4  
Tags
 
Add a new tag
Caveats
  • Supply blocks, unpowered buildings, or Contaminate may cause inaccurate times.
  • Supply counts are checked every 10 seconds.